Map: Frozen Temple

Players

Voltz - Winner!

  • Race: Zerg Zerg
  • League: Grandmaster

xKawaiian

  • Race: Terran Terran
  • League: Master

Event: Cheesadelphia Summer 2016

VOD

https://www.youtube.com/watch?v=5cKk5EPf_h8

Description

Time

  • Played on: July 23, 2016, 5:19 p.m.
  • Length: 16:11

All games in this series

Show
View Real Time Build Order
Export as new Build Order

Voltz Zerg - Winner!

Build Orders: Hatch First 

Get SALT Encoding   

  12  0:00  Drone  
  13  0:12  Overlord  
  13  0:17  Drone  
  14  0:30  Drone x2  
  14  0:34  Drone  
  17  0:51  Hatchery  
  17  0:55  Drone  
  17  0:57  Drone  
  17  0:59  Extractor  
  17  1:14  Spawning Pool  
  17  1:17  Drone  
  17  1:22  Drone  
  18  1:29  Drone  
  19  1:39  Overlord  
  19  1:49  Drone  
  20  2:00  Queen  
  20  2:01  Drone  
  23  2:03  Queen  
  23  2:07  Metabolic Boost  
  25  2:11  Zergling x2  
  25  2:14  Zergling x2  
  27  2:18  Drone  
  27  2:22  Drone  
  29  2:27  Drone, Extractor  
  28  2:38  Queen  
  28  2:42  Pneumatized Carapace  
  31  2:46  Overlord  
  31  2:52  Drone  
  31  2:53  Drone  
  31  2:57  Drone  
  34  2:58  Drone  
  34  3:05  Overlord  
  35  3:06  Drone  
  35  3:09  Drone  
  35  3:11  Drone  
  38  3:13  Drone  
  39  3:20  Drone  
  39  3:23  Drone x3  
  39  3:25  Drone  
  44  3:28  Drone  
  45  3:44  Hatchery  
  45  3:48  Drone x2  
  46  3:49  Roach Warren  
  46  3:52  Extractor  
  46  3:53  Extractor  
  46  3:54  Overlord  
  43  3:59  Drone x3  
  43  4:01  Drone  
  43  4:02  Drone  
  48  4:05  Drone x2  
  50  4:10  Spore Crawler  
  50  4:13  Lair  
  50  4:17  Drone x2  
  51  4:25  Evolution Chamber  
  51  4:26  Evolution Chamber  
  51  4:27  Overlord  
  49  4:32  Roach x2  
  49  4:37  Roach  
  49  4:38  Roach  
  56  4:40  Roach  
  58  4:47  Roach  
  60  4:53  Queen  
  60  4:55  Zerg Missile Weapons Level 1  
  60  4:56  Zerg Ground Armor Level 1  
  62  5:00  Queen  
  64  5:13  Drone x2  
  64  5:18  Drone  
  64  5:21  Glial Reconstitution  
  65  5:25  Overlord  
  65  5:26  Roach x3  
  65  5:27  Roach  
  73  5:42  Queen  
  73  5:45  Overlord  
  73  5:46  Overlord  
  73  5:49  Roach  
  81  5:50  Roach x2  
  81  5:54  Overlord  
  81  5:56  Overlord  
  81  5:57  Overlord  
  81  5:58  Extractor  
  80  6:04  Drone x2  
  80  6:05  Drone x2  
  80  6:06  Drone x2  
  80  6:08  Drone  
  80  6:10  Drone  
  88  6:13  Drone x2  
  88  6:14  Drone  
  88  6:17  Drone  
  92  6:20  Drone  
  92  6:21  Drone  
  92  6:25  Drone  
  95  6:26  Drone  
  95  6:30  Drone  
  95  6:31  Infestation Pit  
  96  6:34  Overlord  
  96  6:39  Drone  
  97  6:40  Drone x3  
  97  6:41  Extractor  
  97  6:42  Extractor  
  99  6:54  Drone x4  
  99  6:57  Drone x2  
  99  6:58  Drone x3  
  103  7:03  Drone x3  
  106  7:10  Overlord x2  
  106  7:11  Hive, Infestor  
  106  7:12  Infestor x2  
  106  7:14  Zerg Ground Armor Level 2  
  112  7:17  Zerg Melee Weapons Level 1  
  112  7:22  Roach x2  
  116  7:24  Ravager  
  116  7:27  Ravager  
  118  7:30  Roach  
  118  7:31  Roach  
  118  7:36  Spore Crawler  
  121  7:37  Hatchery, Spine Crawler  
  121  7:39  Roach x2  
  121  7:42  Roach  
  121  7:43  Roach  
  127  7:48  Roach x2  
  127  7:49  Roach  
  133  7:54  Roach x2  
  133  7:55  Overlord x2  
  137  7:59  Overlord x2  
  137  8:15  Roach x8  
  153  8:23  Overlord x2  
  153  8:25  Ravager x5  
  153  8:26  Ravager  
  159  8:38  Ultralisk Cavern  
  158  8:46  Zergling x12  
  164  8:49  Queen x3  
  170  9:00  Zergling x12  
  170  9:01  Hatchery  
  175  9:26  Chitinous Plating  
  175  9:28  Zerg Melee Weapons Level 2  
  175  9:39  Extractor  
  175  9:40  Extractor  
  175  9:41  Overlord x3  
  173  9:49  Ultralisk  
  167  10:02  Ultralisk x2  
  167  10:03  Ultralisk x2  
  190  10:20  Ultralisk  
  196  10:21  Drone x2  
  192  10:31  Spire, Adrenal Glands  
  179  10:45  Nydus Network  
  164  10:51  Zergling x10  
  164  10:53  Ultralisk  
  170  11:05  Ultralisk  
  170  11:07  Zergling x14  
  170  11:10  Ultralisk  
  189  11:12  Zergling x4  
  189  11:18  Zergling x22  
  197  11:25  Zerg Ground Armor Level 3  
  195  11:48  Hatchery  
  195  11:53  Corruptor  
  187  11:54  Corruptor x5  
  195  12:03  Ultralisk  
  150  12:16  Ultralisk  
  146  12:26  Ultralisk  
  143  12:38  Ultralisk  
  145  12:47  Ultralisk  
  138  12:58  Ultralisk  
  138  13:00  Infestor  
  138  13:04  Infestor  
  142  13:14  Ultralisk  
  148  13:23  Drone x6  
  148  13:35  Ultralisk  
  154  13:41  Infestor  
  153  13:59  Ultralisk  
  158  14:07  Drone  
  158  14:08  Drone x7  
  161  14:25  Ultralisk  
  167  14:33  Ultralisk  
  167  14:37  Infestor x2  
  177  14:40  Drone  
  178  14:49  Ultralisk  
  148  15:13  Ultralisk x2  
  144  15:17  Spore Crawler  
  142  15:21  Drone x6  
  122  15:35  Corruptor x2  
  120  15:49  Hatchery  
  117  15:50  Drone  
  117  15:51  Drone  
Show
View Real Time Build Order
Export as new Build Order

xKawaiian Terran 

Build Orders: Reaper Expand, Bio Tank 

Get SALT Encoding   

  12  0:00  SCV  
  13  0:12  SCV  
  14  0:18  Supply Depot  
  14  0:25  SCV  
  15  0:39  SCV  
  15  0:41  Barracks  
  16  0:45  Refinery  
  16  0:51  SCV  
  17  1:04  SCV  
  18  1:16  SCV  
  19  1:29  Orbital Command  
  19  1:30  Reaper  
  20  1:43  Command Center  
  20  1:55  Supply Depot, SCV  
  21  2:02  Marine  
  22  2:09  Factory  
  22  2:11  SCV  
  23  2:20  Marine  
  23  2:22  Refinery  
  24  2:29  SCV  
  25  2:37  Marine  
  25  2:41  SCV  
  27  2:53  SCV  
  27  2:54  Widow Mine, Starport  
  27  2:55  Orbital Command  
  27  2:58  Marine  
  31  3:05  SCV  
  32  3:11  Supply Depot  
  32  3:16  Marine  
  32  3:17  SCV  
  34  3:24  SCV  
  34  3:26  Factory Tech Lab  
  35  3:29  SCV  
  35  3:32  Medivac  
  38  3:34  Marine  
  38  3:37  SCV  
  38  3:38  Supply Depot  
  40  3:41  SCV  
  40  3:46  Siege Tank  
  44  3:49  SCV  
  44  3:53  SCV  
  46  3:57  Barracks Reactor  
  46  4:01  Supply Depot, SCV  
  47  4:05  SCV  
  47  4:07  Starport Reactor  
  48  4:13  SCV  
  49  4:17  Barracks, SCV  
  49  4:18  Siege Tank  
  49  4:20  Barracks  
  53  4:26  Supply Depot, SCV  
  53  4:30  SCV  
  55  4:36  Marine x2  
  57  4:38  SCV  
  57  4:42  SCV  
  59  4:50  Siege Tank  
  59  4:51  SCV  
  63  4:54  Marine, SCV  
  63  4:58  Refinery x2  
  65  5:03  Medivac, SCV  
  65  5:06  SCV  
  69  5:16  SCV  
  69  5:17  Barracks Tech Lab x2  
  69  5:21  Command Center, Supply Depot  
  70  5:23  Marine  
  70  5:26  Marine, SCV  
  70  5:28  Medivac, SCV  
  76  5:36  Supply Depot x2  
  76  5:38  Engineering Bay, SCV  
  76  5:39  Engineering Bay  
  76  5:41  Marine, SCV  
  76  5:42  Stimpack  
  78  5:46  Combat Shields  
  78  5:47  Marine  
  70  5:54  SCV  
  70  5:55  Marine x2  
  73  5:58  Marine  
  74  6:04  Marine  
  74  6:05  Terran Infantry Armor Level 1, Terran Infantry Weapons Level 1  
  74  6:07  SCV x2  
  77  6:13  Barracks  
  77  6:14  Marine x2  
  77  6:15  Barracks  
  77  6:16  Marine  
  80  6:22  Marine, SCV x2  
  85  6:32  Marauder  
  85  6:33  Marauder  
  85  6:34  Marine, SCV x2  
  85  6:37  Orbital Command  
  90  6:40  Supply Depot, Marine  
  90  6:43  Medivac  
  93  6:52  Marine  
  93  6:54  Marine, Marauder  
  97  6:56  Orbital Command  
  97  6:58  Marine, SCV  
  97  6:59  Marine  
  100  7:03  Armory  
  101  7:10  Marine  
  101  7:12  Marauder  
  101  7:15  Marine  
  105  7:16  Marine, Siege Tank  
  110  7:23  SCV  
  110  7:24  Barracks Reactor x2  
  110  7:26  SCV x2  
  111  7:31  Refinery  
  111  7:32  Refinery  
  111  7:33  Marauder x2  
  115  7:43  Marine x2  
  117  7:45  Concussive Shells  
  117  7:46  Starport  
  117  7:47  Supply Depot  
  117  7:54  Marine, Siege Tank, Marauder  
  117  7:55  Medivac  
  125  8:01  Missile Turret, Terran Infantry Weapons Level 2  
  125  8:07  Supply Depot  
  125  8:08  Marine x2  
  129  8:13  Marauder  
  129  8:16  Marine, Marauder  
  129  8:18  Supply Depot  
  129  8:19  Supply Depot  
  132  8:21  Supply Depot  
  132  8:25  Marine  
  132  8:26  Marine  
  133  8:28  Marine  
  133  8:29  Marine x2  
  133  8:31  Medivac x2  
  133  8:32  Starport Reactor  
  133  8:33  Marine  
  134  8:34  Marine  
  134  8:37  Marauder  
  137  8:41  SCV  
  137  8:43  Marine x2  
  137  8:44  Liberator x2  
  137  8:46  Marine  
  137  8:47  Marine  
  142  8:51  Terran Infantry Armor Level 2  
  142  8:52  Marauder  
  144  9:01  Marine  
  151  9:05  Siege Tank  
  151  9:06  Marine x2  
  151  9:08  Marine x2  
  151  9:09  Marine x2, Medivac  
  161  9:18  Command Center  
  151  9:24  SCV  
  151  9:25  Marine x2, SCV  
  151  9:26  Marauder  
  157  9:33  Marine x2  
  157  9:35  Medivac, Marine  
  157  9:37  Siege Tank  
  165  9:55  Marauder, Marine x3, SCV x2  
  165  9:58  Supply Depot  
  165  9:59  Supply Depot  
  172  10:03  Supply Depot  
  172  10:05  Marine x2  
  172  10:07  Medivac  
  173  10:17  Supply Depot  
  173  10:19  Marine, Medivac  
  173  10:20  Supply Depot, Marauder  
  178  10:31  SCV  
  178  10:32  Marine, Marauder  
  179  10:37  Marine x3  
  179  10:38  Siege Tank  
  179  10:41  Marauder  
  179  10:42  SCV x2  
  186  10:45  Liberator  
  186  10:46  Liberator  
  185  10:51  Marine x2  
  185  10:54  Marauder  
  185  10:56  Sensor Tower  
  188  11:03  Marine, Marauder  
  164  11:06  Marine  
  161  11:12  Marine  
  161  11:14  Marine  
  161  11:15  Marauder  
  161  11:17  Liberator x2  
  161  11:18  Planetary Fortress  
  165  11:31  SCV  
  166  11:33  Marine x2  
  166  11:34  Marauder  
  175  11:43  Marine, Marauder  
  175  11:44  Liberator x2  
  175  11:45  Marine  
  164  11:51  Marine  
  162  11:55  Marauder  
  162  11:56  Marine x2, Siege Tank  
  163  12:05  Liberator, Marauder  
  170  12:13  Liberator  
  160  12:15  Marine  
  160  12:17  Marauder, SCV x2  
  160  12:18  SCV x2  
  160  12:22  Marine x2  
  165  12:26  Marauder  
  165  12:29  SCV  
  168  12:37  Marine, Refinery  
  168  12:38  Marauder  
  168  12:41  Terran Infantry Weapons Level 3  
  169  12:48  Marauder  
  169  12:50  Marine  
  169  12:51  Marine x2  
  163  12:53  Marine x2  
  163  12:56  Marine  
  165  12:58  SCV  
  165  12:59  Marauder, SCV  
  165  13:05  Liberator x2  
  169  13:07  Supply Depot  
  169  13:08  Marine x2  
  169  13:09  Marauder  
  173  13:15  Liberator  
  167  13:20  Marine  
  167  13:21  Marauder  
  176  13:30  Marauder  
  176  13:31  Marine  
  176  13:32  Marine  
  176  13:33  SCV x2  
  185  13:36  Liberator  
  185  13:40  Marine x2  
  183  13:42  Marauder  
  185  13:52  Marauder  
  185  13:53  Marine  
  190  13:59  Marine  
  190  14:00  Marine  
  190  14:01  Marine x2  
  194  14:03  Marauder, SCV  
  194  14:05  Medivac  
  199  14:10  Marine  
  199  14:12  Refinery  
  199  14:13  Refinery, Marauder  
  199  14:15  Marine  
  199  14:17  Command Center, Marine  
  200  14:29  Marine, Marauder  
  200  14:31  Marine x3  
  194  14:34  Marine x2  
  194  14:35  Marauder  
  194  14:37  Command Center  
  188  14:47  Marine  
  188  14:49  Marine x2  
  188  14:51  Marauder  
  179  14:56  Marine, Marauder  
  179  14:57  Missile Turret  
  171  15:03  Marine  
  114  15:08  Marine x2  
  114  15:12  Marauder  
  114  15:13  Marine  
  114  15:14  Marine, Orbital Command  
  109  15:15  Missile Turret  
  109  15:17  Marine, Marauder  
  109  15:22  Marine  
  93  15:33  Marauder  
  90  15:39  Marauder  
  80  15:50  Marine  
  80  15:51  Marine x2  
  80  15:52  Marine x2  
Tags
 
Add a new tag
Caveats
  • Supply blocks, unpowered buildings, or Contaminate may cause inaccurate times.
  • Supply counts are checked every 10 seconds.